| TOP OF THE 1ST |
|
La Ceiba Manatees batting - Pitching for San Juan Pitorros : RHP Alfredo Campos
|
|
Pitching: RHP Alfredo Campos
|
|
|
Batting: SHB Alex Ortiz
|
0-0: Hit by Pitch
|
|
Batting: LHB Ernesto Quevedo
|
0-0: Called Strike 0-1: Called Strike 0-2: Fly out, F8 (Flyball, 8LXD, EV 93.8 MPH) Runner from 1st tags up, SAFE at 2nd
|
|
Batting: RHB Juan Villa
|
0-0: Ball 1-0: Ball 2-0: Foul Ball, location: 2F 2-1: Ball 3-1: Foul Ball, location: 2F 3-2: Base on Balls
|
|
Batting: LHB Al Chambers
|
0-0: Ball 1-0: Ball 2-0: Ball 3-0: Base on Balls Alex Ortiz to third Juan Villa to second
|
|
Batting: SHB Mark Pirruccello
|
0-0: Ball 1-0: Called Strike 1-1: Called Strike 1-2: Ball 2-2: Fly out, F8 (Line Drive, 8LD, EV 86.3 MPH) Runner from 3rd tags up, SCORES, throw by CF Juan Villa to third
|
|
Batting: LHB Steve Lyons
|
0-0: Ball 1-0: Ball 2-0: Ball 3-0: Called Strike 3-1: Foul Ball, location: 2F 3-2: Fly out, F7 (Flyball, 7LS, EV 81.3 MPH)
|
| Top of the 1st over - 1 run, 0 hits, 0 errors, 2 left on base; La Ceiba 1 - San Juan 0 |
| BOTTOM OF THE 1ST |
|
San Juan Pitorros batting - Pitching for La Ceiba Manatees : RHP Mario Kaufman
|
|
Pitching: RHP Mario Kaufman
|
|
|
Batting: LHB Jeffrey Szczecinski
|
0-0: Swinging Strike 0-1: Ball 1-1: Called Strike 1-2: Ball 2-2: Ground out U3 (Groundball, 34S, EV 90.6 MPH)
|
|
Batting: RHB Mike A Marshall
|
0-0: Ball 1-0: Called Strike 1-1: Fly out, F4 (Popup, 34S, EV 76.3 MPH)
|
|
Batting: RHB Tim Teufel
|
0-0: Ball 1-0: Ball 2-0: Ball 3-0: Called Strike 3-1: Swinging Strike 3-2: Strikes out looking
|
| Bottom of the 1st over - 0 runs, 0 hits, 0 errors, 0 left on base; La Ceiba 1 - San Juan 0 |
| TOP OF THE 2ND |
|
La Ceiba Manatees batting - Pitching for San Juan Pitorros : RHP Alfredo Campos
|
|
Batting: LHB Van Snider
|
0-0: Called Strike 0-1: Called Strike 0-2: Ball 1-2: Strikes out swinging
|
|
Batting: SHB Terry Pendleton
|
0-0: Foul Ball, location: 2F 0-1: Ball 1-1: Called Strike 1-2: Foul Ball, location: 2F 1-2: Foul Ball, location: 2F 1-2: Fly out, F9 (Flyball, 9, EV 82.5 MPH)
|
|
Batting: LHB Keith Hughes
|
0-0: Ball 1-0: Ground out 1-3 (Groundball, 34S, EV 74.4 MPH)
|
| Top of the 2nd over - 0 runs, 0 hits, 0 errors, 0 left on base; La Ceiba 1 - San Juan 0 |
| BOTTOM OF THE 2ND |
|
San Juan Pitorros batting - Pitching for La Ceiba Manatees : RHP Mario Kaufman
|
|
Batting: LHB Franklin Stubbs
|
0-0: Foul Ball, location: 2F 0-1: Called Strike 0-2: Foul Ball, location: 2F 0-2: Foul Ball, location: 2F 0-2: Foul Ball, location: 2F 0-2: Ball 1-2: Foul Ball, location: 2F 1-2: Ground out U3 (Groundball, 3, EV 83.1 MPH)
|
|
Batting: RHB Chris Brown
|
0-0: Swinging Strike 0-1: Foul Ball, location: 2F 0-2: Ball 1-2: SINGLE (Groundball, 6M, EV 104.4 MPH) (infield hit)
|
|
Batting: RHB Bob Hendershot
|
0-0: Ball 1-0: Ball 2-0: Called Strike 2-1: Ball 3-1: Base on Balls Chris Brown to second
|
|
Batting: SHB Dave Cochrane
|
0-0: Foul Ball, location: 2F 0-1: Foul Ball, location: 2F 0-2: Ball 1-2: Fly out, F6 (Popup, 6S, EV 68.1 MPH)
|
|
Batting: SHB Kevin King
|
0-0: Called Strike 0-1: Ball 1-1: Ball 2-1: Foul Ball, location: 2F 2-2: Ball 3-2: Foul Ball, location: 2F 3-2: Foul Ball, location: 2F 3-2: Foul Ball, location: 2F 3-2: Foul Ball, location: 2F 3-2: Base on Balls Chris Brown to third Bob Hendershot to second
|
|
Batting: RHB Rafael Ramirez
|
0-0: Ball 1-0: Ball 2-0: Reached on error, E6 (Groundball, 6, EV 101.3 MPH) Chris Brown scores Bob Hendershot to third Kevin King to second
|
|
Batting: LHB Jeffrey Szczecinski
|
0-0: Foul Ball, location: 2F 0-1: Foul Ball, location: 2F 0-2: Ball 1-2: Ball 2-2: Foul Ball, location: 2F 2-2: Foul Ball, location: 2F 2-2: Ball Wild Pitch! Bob Hendershot scores Kevin King to third Rafael Ramirez to second 3-2: SINGLE (Flyball, 5D, EV 91.9 MPH) Kevin King scores Rafael Ramirez to third Rafael Ramirez scores
|
|
Batting: RHB Mike A Marshall
|
0-0: Foul Ball, location: 2F 0-1: Ball 1-1: Called Strike 1-2: Ball Jeffrey Szczecinski steals 2nd base 2-2: Foul Ball, location: 2F 2-2: Ball 3-2: Base on Balls
|
|
Batting: RHB Tim Teufel
|
0-0: Called Strike 0-1: Swinging Strike 0-2: Ground out 5-3 (Groundball, 56S, EV 87.5 MPH)
|
| Bottom of the 2nd over - 4 runs, 2 hits, 1 error, 2 left on base; La Ceiba 1 - San Juan 4 |
| TOP OF THE 3RD |
|
La Ceiba Manatees batting - Pitching for San Juan Pitorros : RHP Alfredo Campos
|
|
Batting: SHB Alex Ortiz
|
0-0: Ball 1-0: Swinging Strike 1-1: Ball 2-1: Foul Ball, location: 2F 2-2: Strikes out looking
|
|
Batting: LHB Ernesto Quevedo
|
0-0: Called Strike 0-1: Foul Ball, location: 2F 0-2: Ball 1-2: Foul Ball, location: 2F 1-2: Foul Ball, location: 2F 1-2: Fly out, F7 (Flyball, 7D, EV 108.8 MPH)
|
|
Batting: RHB Juan Villa
|
0-0: Called Strike 0-1: Ball 1-1: Foul Ball, location: 2F 1-2: Ball 2-2: Foul Ball, location: 2F 2-2: Foul Ball, location: 2F 2-2: Ball 3-2: Base on Balls
|
|
Batting: LHB Al Chambers
|
0-0: Ball Juan Villa steals 2nd base (no throw) 1-0: Swinging Strike 1-1: Foul Ball, location: 2F 1-2: Foul Ball, location: 2F 1-2: Ground out U3 (Groundball, 3S, EV 87.5 MPH)
|
| Top of the 3rd over - 0 runs, 0 hits, 0 errors, 1 left on base; La Ceiba 1 - San Juan 4 |
| BOTTOM OF THE 3RD |
|
San Juan Pitorros batting - Pitching for La Ceiba Manatees : RHP Mario Kaufman
|
|
Batting: LHB Franklin Stubbs
|
0-0: Ball 1-0: SINGLE (Flyball, 89S, EV 90.0 MPH)
|
|
Batting: RHB Chris Brown
|
0-0: Ball Wild Pitch! Franklin Stubbs to second 1-0: Ball 2-0: SINGLE (Line Drive, 8LS, EV 107.5 MPH) Franklin Stubbs to third Runner from 3rd tries for Home, SAFE, throw by CF to home
|
|
Pitching: LHP Bill Krueger
|
|
|
Batting: RHB Bob Hendershot
|
0-0: Swinging Strike 0-1: Foul Ball, location: 2F 0-2: Ball 1-2: Strikes out looking
|
|
Batting: SHB Dave Cochrane
|
0-0: Ball 1-0: Ball 2-0: Ball 3-0: SINGLE (Line Drive, 78S, EV 89.4 MPH) Chris Brown to second
|
|
Batting: SHB Kevin King
|
0-0: Called Strike 0-1: Fly out, F9 (Line Drive, 9, EV 98.1 MPH)
|
|
Batting: RHB Rafael Ramirez
|
0-0: Ball 1-0: Ball 2-0: Ball 3-0: Called Strike 3-1: Base on Balls Chris Brown to third Dave Cochrane to second
|
|
Batting: LHB Jeffrey Szczecinski
|
0-0: Ball 1-0: Swinging Strike 1-1: Ball 2-1: Ball 3-1: Called Strike 3-2: Base on Balls Chris Brown scores Dave Cochrane to third Rafael Ramirez to second
|
|
Batting: RHB Mike A Marshall
|
0-0: Ball 1-0: Foul Ball, location: 2F 1-1: Foul Ball, location: 2F 1-2: Ball 2-2: Foul Ball, location: 2F 2-2: Ball 3-2: Foul Ball, location: 2F 3-2: Strikes out swinging
|
| Bottom of the 3rd over - 2 runs, 3 hits, 0 errors, 3 left on base; La Ceiba 1 - San Juan 6 |
| TOP OF THE 4TH |
|
La Ceiba Manatees batting - Pitching for San Juan Pitorros : RHP Alfredo Campos
|
|
Batting: SHB Mark Pirruccello
|
0-0: Fly out, F9 (Flyball, 89M, EV 91.9 MPH)
|
|
Batting: LHB Steve Lyons
|
0-0: Ball 1-0: Ball 2-0: Ball 3-0: Called Strike 3-1: Foul Ball, location: 2F 3-2: Foul Ball, location: 2F 3-2: Foul Ball, location: 2F 3-2: DOUBLE (Flyball, 8RXD, EV 96.9 MPH)
|
|
Batting: LHB Van Snider
|
0-0: Ball 1-0: Ball 2-0: Foul Ball, location: 2F 2-1: Foul Ball, location: 2F 2-2: Foul Ball, location: 2F 2-2: Foul Ball, location: 2F 2-2: Strikes out swinging
|
|
Batting: SHB Terry Pendleton
|
0-0: Ball 1-0: Ground out 4-3 (Groundball, 34, EV 99.4 MPH)
|
| Top of the 4th over - 0 runs, 1 hit, 0 errors, 1 left on base; La Ceiba 1 - San Juan 6 |
| BOTTOM OF THE 4TH |
|
San Juan Pitorros batting - Pitching for La Ceiba Manatees : LHP Bill Krueger
|
|
Batting: RHB Tim Teufel
|
0-0: Ball 1-0: Ball 2-0: Swinging Strike 2-1: Foul Ball, location: 2F 2-2: Ball 3-2: Base on Balls
|
|
Batting: LHB Franklin Stubbs
|
0-0: Called Strike 0-1: Ball 1-1: Called Strike 1-2: Ball 2-2: 2-RUN HOME RUN (Flyball, 8LXD, EV 92.5 MPH), Distance : 456 ft
|
|
Batting: RHB Chris Brown
|
0-0: Swinging Strike 0-1: Ball 1-1: SINGLE (Line Drive, 89M, EV 91.9 MPH)
|
|
Batting: RHB Bob Hendershot
|
0-0: Fly out, F8 (Flyball, 8RS, EV 93.1 MPH)
|
|
Batting: SHB Dave Cochrane
|
0-0: Ball 1-0: Ball 2-0: Ball 3-0: Foul Ball, location: 2F 3-1: Fly out, F4 (Popup, 34, EV 71.3 MPH)
|
|
Batting: SHB Kevin King
|
0-0: Swinging Strike 0-1: Fly out, F4 (Popup, 4, EV 74.4 MPH)
|
| Bottom of the 4th over - 2 runs, 2 hits, 0 errors, 1 left on base; La Ceiba 1 - San Juan 8 |
| TOP OF THE 5TH |
|
La Ceiba Manatees batting - Pitching for San Juan Pitorros : RHP Alfredo Campos
|
|
Batting: LHB Keith Hughes
|
0-0: Called Strike 0-1: Ball 1-1: Foul Ball, location: 2F 1-2: DOUBLE (Flyball, 9LD, EV 109.4 MPH)
|
|
Batting: SHB Alex Ortiz
|
0-0: Ball 1-0: Fly out, F8 (Flyball, 8RS, EV 75.6 MPH)
|
|
Batting: LHB Ernesto Quevedo
|
0-0: Ball 1-0: Called Strike 1-1: Ball 2-1: SINGLE (Groundball, 34D, EV 96.3 MPH) Keith Hughes to third Runner from 3rd tries for Home, SAFE, throw by RF to home
|
|
Batting: RHB Juan Villa
|
0-0: Ball Ernesto Quevedo is caught stealing 2nd base 2-4 1-0: Foul Ball, location: 2F 1-1: Called Strike 1-2: Ball 2-2: Foul Ball, location: 2F 2-2: SINGLE (Groundball, 56S, EV 68.8 MPH) (infield hit)
|
|
Batting: LHB Al Chambers
|
0-0: Called Strike 0-1: Ball 1-1: Reached on error, E4 (Groundball, 4, EV 104.4 MPH) Juan Villa to second
|
|
Batting: SHB Mark Pirruccello
|
0-0: Called Strike 0-1: Called Strike 0-2: Foul Ball, location: 2F 0-2: Ball 1-2: Strikes out swinging
|
| Top of the 5th over - 1 run, 3 hits, 1 error, 2 left on base; La Ceiba 2 - San Juan 8 |
| BOTTOM OF THE 5TH |
|
San Juan Pitorros batting - Pitching for La Ceiba Manatees : LHP Bill Krueger
|
|
Batting: RHB Rafael Ramirez
|
0-0: Ball 1-0: Ball 2-0: Called Strike 2-1: Foul Ball, location: 2F 2-2: Strikes out swinging
|
|
Batting: LHB Jeffrey Szczecinski
|
0-0: Ball 1-0: Called Strike 1-1: Ground out 1-3 (Groundball, 13S, EV 71.3 MPH)
|
|
Batting: RHB Mike A Marshall
|
0-0: Ball 1-0: Swinging Strike 1-1: Fly out, F9 (Flyball, 9, EV 92.5 MPH)
|
| Bottom of the 5th over - 0 runs, 0 hits, 0 errors, 0 left on base; La Ceiba 2 - San Juan 8 |
| TOP OF THE 6TH |
|
La Ceiba Manatees batting - Pitching for San Juan Pitorros : RHP Alfredo Campos
|
|
Batting: LHB Steve Lyons
|
0-0: Called Strike 0-1: Swinging Strike 0-2: Foul Ball, location: 2F 0-2: Foul Ball, location: 2F 0-2: Strikes out swinging
|
|
Batting: LHB Van Snider
|
0-0: Ball 1-0: Called Strike 1-1: Ground out 4-3 (Groundball, 4S, EV 88.8 MPH)
|
|
Batting: SHB Terry Pendleton
|
0-0: Called Strike 0-1: Ball 1-1: Foul Ball, location: 2F 1-2: Ball 2-2: Strikes out swinging
|
| Top of the 6th over - 0 runs, 0 hits, 0 errors, 0 left on base; La Ceiba 2 - San Juan 8 |
| BOTTOM OF THE 6TH |
|
San Juan Pitorros batting - Pitching for La Ceiba Manatees : LHP Bill Krueger
|
|
Batting: RHB Tim Teufel
|
0-0: Swinging Strike 0-1: Ball 1-1: Foul Ball, location: 2F 1-2: Strikes out swinging
|
|
Batting: LHB Franklin Stubbs
|
0-0: Ball 1-0: Ball 2-0: Ball 3-0: Base on Balls
|
|
Pitching: RHP Tony Gamboa
|
|
|
Batting: RHB Chris Brown
|
0-0: Swinging Strike 0-1: Ball 1-1: Foul Ball, location: 2F 1-2: Ball 2-2: Ball 3-2: SINGLE (Line Drive, 34, EV 107.5 MPH) Franklin Stubbs to second
|
|
Batting: RHB Bob Hendershot
|
0-0: Grounds into double play, 4-6-3 (Groundball, 4, EV 86.9 MPH)
|
| Bottom of the 6th over - 0 runs, 1 hit, 0 errors, 1 left on base; La Ceiba 2 - San Juan 8 |
| TOP OF THE 7TH |
|
La Ceiba Manatees batting - Pitching for San Juan Pitorros : RHP Alfredo Campos
|
|
Batting: LHB Keith Hughes
|
0-0: Ball 1-0: Ball 2-0: Fly out, F7 (Flyball, 78D, EV 96.9 MPH)
|
|
Batting: SHB Alex Ortiz
|
0-0: Called Strike 0-1: Ground out 4-3 (Groundball, 4, EV 93.1 MPH)
|
|
Batting: LHB Ernesto Quevedo
|
0-0: Foul Ball, location: 2F 0-1: Swinging Strike 0-2: Fly out, F7 (Flyball, 78M, EV 90.6 MPH)
|
| Top of the 7th over - 0 runs, 0 hits, 0 errors, 0 left on base; La Ceiba 2 - San Juan 8 |
| BOTTOM OF THE 7TH |
|
San Juan Pitorros batting - Pitching for La Ceiba Manatees : RHP Tony Gamboa
|
|
Batting: SHB Dave Cochrane
|
0-0: Ball 1-0: SINGLE (Groundball, 56D, EV 94.4 MPH)
|
|
Batting: SHB Kevin King
|
0-0: Foul Ball, location: 2F 0-1: Foul Ball, location: 2F 0-2: Foul Ball, location: 2F 0-2: Strikes out swinging
|
|
Batting: RHB Rafael Ramirez
|
0-0: Fly out, F9 (Flyball, 9LM, EV 91.9 MPH)
|
|
Batting: LHB Jeffrey Szczecinski
|
0-0: Foul Ball, location: 2F 0-1: Called Strike 0-2: Ground out 4-3 (Groundball, 4, EV 85.6 MPH)
|
| Bottom of the 7th over - 0 runs, 1 hit, 0 errors, 1 left on base; La Ceiba 2 - San Juan 8 |
| TOP OF THE 8TH |
|
La Ceiba Manatees batting - Pitching for San Juan Pitorros : RHP Alfredo Campos
|
|
Pitching: RHP George DeMaria
|
|
|
Batting: RHB Juan Villa
|
0-0: Ball 1-0: Ball 2-0: SINGLE (Groundball, 5, EV 99.4 MPH)
|
|
Batting: LHB Al Chambers
|
0-0: Ball 1-0: Swinging Strike 1-1: Fly out, F9 (Flyball, 9LS, EV 92.5 MPH)
|
|
Batting: SHB Mark Pirruccello
|
0-0: Foul Ball, location: 2F 0-1: Called Strike 0-2: Ball 1-2: Strikes out swinging
|
|
Batting: LHB Steve Lyons
|
0-0: Ball 1-0: Ball 2-0: Ball 3-0: Called Strike 3-1: SINGLE (Line Drive, 6M, EV 96.3 MPH) Juan Villa to second Runner from 2nd tries for 3rd, SAFE, throw by CF made to third
|
|
Batting: LHB Van Snider
|
0-0: Called Strike 0-1: Fly out, F8 (Flyball, 8RS, EV 83.8 MPH)
|
| Top of the 8th over - 0 runs, 2 hits, 0 errors, 2 left on base; La Ceiba 2 - San Juan 8 |
| BOTTOM OF THE 8TH |
|
San Juan Pitorros batting - Pitching for La Ceiba Manatees : RHP Tony Gamboa
|
|
Batting: RHB Mike A Marshall
|
0-0: Swinging Strike 0-1: Ball 1-1: Ground out 5-3 (Groundball, 56S, EV 93.8 MPH)
|
|
Batting: RHB Tim Teufel
|
0-0: Ball 1-0: Ball 2-0: Ball 3-0: Called Strike 3-1: Base on Balls
|
|
Batting: LHB Franklin Stubbs
|
0-0: Ball 1-0: Ball 2-0: Foul Ball, location: 2F 2-1: Ground out 5-3 (Groundball, 56S, EV 66.9 MPH) Tim Teufel to second
|
|
Batting: RHB Chris Brown
|
0-0: Ball 1-0: Ground out 5-3 (Groundball, 56S, EV 70.0 MPH)
|
| Bottom of the 8th over - 0 runs, 0 hits, 0 errors, 1 left on base; La Ceiba 2 - San Juan 8 |
| TOP OF THE 9TH |
|
La Ceiba Manatees batting - Pitching for San Juan Pitorros : RHP George DeMaria
|
|
Batting: SHB Terry Pendleton
|
0-0: Fly out, F7 (Flyball, 7LM, EV 83.8 MPH)
|
|
Batting: LHB Keith Hughes
|
0-0: Ball 1-0: Foul Ball, location: 2F 1-1: SINGLE (Groundball, 56D, EV 96.3 MPH)
|
|
Batting: SHB Alex Ortiz
|
0-0: Ball 1-0: Fly out, F8 (Flyball, 8LD, EV 101.9 MPH)
|
|
Batting: LHB Ernesto Quevedo
|
0-0: Ball 1-0: Ball 2-0: Swinging Strike 2-1: Ball 3-1: Base on Balls Keith Hughes to second
|
|
Batting: RHB Juan Villa
|
0-0: Ball 1-0: Foul Ball, location: 2F 1-1: Foul Ball, location: 2F 1-2: Ball 2-2: Ball 3-2: Base on Balls Keith Hughes to third Ernesto Quevedo to second
|
|
Batting: LHB Al Chambers
|
0-0: Fly out, F8 (Flyball, 8RD, EV 88.8 MPH)
|
| Top of the 9th over - 0 runs, 1 hit, 0 errors, 3 left on base; La Ceiba 2 - San Juan 8 |
|